 Dungeon Crawl Stone Soup version 0.18.1-6-gd335043 (webtiles) character file.

8676 mopl the Severer (level 11, -16/97 HPs)
             Began as a Hill Orc Berserker on May 20, 2016.
             Was a High Priest of Trog.
             Demolished by an ogre
             ... wielding a +0 giant club
              (24 damage)
             ... while paralysed by an orc sorcerer
             ... on level 1 of the Orcish Mines.
             The game lasted 00:19:00 (6905 turns).

mopl the Severer (Hill Orc Berserker)               Turns: 6905, Time: 00:19:01

Health: -16/97     AC: 17    Str: 21    XL:     11   Next: 34%
Magic:  20/20      EV:  2    Int:  7    God:    Trog [*****.]
Gold:   361        SH:  0    Dex: 13    Spells: 0 memorised, 10 levels left

rFire  + . .     SeeInvis +     v - +0 war axe
rCold  . . .     Gourm    +     d - +1 plate armour {rF+}
rNeg   . . .     Faith    .     (no shield)
rPois  .         Spirit   .     (no helmet)
rElec  .         Dismiss  .     C - +0 cloak
rCorr  .         Reflect  .     (no gloves)
SustAt .         Harm     .     L - +0 pair of boots
MR     .....                    l - amulet of the gourmand
Stlth  ..........               P - ring of magical power
                                q - ring of see invisible

@: paralysed, lethally poisoned (-16 -> -50), exhausted, slowed, drained, not
resistant to hostile enchantments, extremely unstealthy
A: no striking features
a: Berserk, Trog's Hand, Brothers in Arms, Burn Spellbooks, Renounce Religion,
Convert to Beogh


You were on level 1 of the Orcish Mines.
You worshipped Trog.
Trog was extremely pleased with you.
You were very full.

You visited 2 branches of the dungeon, and saw 11 of its levels.

You collected 501 gold pieces.
You spent 140 gold pieces at shops.

Inventory:

Hand Weapons
 a - a +0 hand axe
 v - a +0 war axe (weapon)
Missiles
 g - 32 tomahawks (quivered)
 E - 7 needles of confusion
 N - 2 curare-tipped needles
 O - a throwing net
 Q - 3 steel tomahawks
 R - 10 poisoned needles
 S - 6 javelins
Armour
 d - a +1 plate armour of fire resistance (worn)
 o - a +0 fire dragon armour
 A - a +0 ice dragon armour
 C - a +0 cloak (worn)
 L - a +0 pair of boots (worn)
 T - a +0 shield of reflection
Jewellery
 l - an amulet of the gourmand (around neck)
 q - a ring of see invisible (left hand)
 P - a ring of magical power (right hand)
Wands
 p - a wand of polymorph (13/24)
 u - a wand of paralysis (16/24)
 w - a wand of digging (11/24)
 y - a wand of polymorph (17/24)
Scrolls
 c - a scroll of random uselessness {unknown}
 e - 2 scrolls of fear {unknown}
 h - 2 scrolls of teleportation {unknown}
 i - 2 scrolls of recharging {unknown}
 m - 2 scrolls of remove curse
 r - a scroll of enchant armour {unknown}
 s - a scroll of enchant weapon {unknown}
 D - a scroll of fog {unknown}
 F - a scroll of blinking {unknown}
 H - a scroll of identify
Potions
 b - a potion of curing
 f - 2 potions of resistance
 j - 2 potions of berserk rage {!q}
 k - 2 potions of invisibility
 n - a potion of haste
 t - 2 potions of lignification {!q}
 x - 3 potions of heal wounds
 z - a potion of agility
Comestibles
 B - 2 chunks of flesh
 G - 3 meat rations
 I - 9 royal jellies
 J - 3 bread rations
 K - a beef jerky
 M - a slice of pizza


   Skills:
 + Level 9.2(8.6) Fighting
 * Level 15.5(14.9) Axes
 + Level 8.0(7.5) Armour
 + Level 6.2(5.6) Dodging


You had 10 spell levels left.
You didn't know any spells.

Dungeon Overview and Level Annotations

Branches:
Dungeon (9/15)             Temple (0/1) D:5            Lair (0/8) D:9
    Orc (2/2) D:9
    Elf: Orc:2

Altars:
Ashenzari
Pakellas
The Shining One

Shops:
D:5 !


Message History

The orc sorcerer points at you and mumbles some strange words.
You suddenly lose the ability to move!
The orange demon stings you but does no damage.
An orc and an orc wizard come into view.
You feel sick. The red devil completely misses you.
The orc knight hits you with a battleaxe!
* * * LOW HITPOINT WARNING * * *
The ogre hits you but does no damage.
The orc sorcerer hits you with a dagger.
* * * LOW HITPOINT WARNING * * *
The orange demon stings you from afar.
* * * LOW HITPOINT WARNING * * *
You are lethally poisoned!
The orange demon poisons you!
* * * LOW HITPOINT WARNING * * *
You feel very sick.
The orc priest no longer looks unusually strong.
The orc no longer looks unusually strong.
The ogre hits you with a giant club!!
You die...

............#
..o.........##.
..o.....#.....
..........# .o......#
#oo...# ##Oo.# #4O@##
#.).o### #. ##4....##
..# ##.....# ##
.......# #.....##
.##..#.$.#.#####.#.###
........#...#.#......##
.......##..#..........#
.....###....#....##...#


You could see an orc knight, an orange demon, an orc sorcerer, a red devil, an
orc warrior, 2 ogres, an orc priest, an orc wizard and 2 orcs.

Vanquished Creatures
  Pikel (D:5)
  An orc sorcerer (Orc:1)
  A troll (Orc:1)
  A queen bee (D:9)
  A two-headed ogre (Orc:1)
  A wyvern (D:8)
  A hungry ghost (D:6)
  2 hippogriffs
  2 wargs
  Duvessa (D:5)
  3 sky beasts
  An ice beast (D:6)
  A wasp (D:9)
  9 orc warriors
  3 slaves (D:5)
  A black bear (D:6)
  7 ogres
  A big kobold (D:8)
  Blork the orc (D:4)
  A gnoll sergeant (D:8)
  Dowan (D:5)
  4 scorpions
  16 killer bees
  4 wights (D:6)
  A howler monkey (D:3)
  3 crimson imps
  8 orc wizards
  5 orc priests
  A wasp zombie (D:7)
  A giant frog skeleton (D:4)
  2 hounds
  2 iguanas
  Natasha (D:4)
  9 worker ants
  A worker ant zombie (D:6)
  10 gnolls
  9 adders
  An ooze (D:2)
  An adder zombie (D:8)
  6 worms
  4 dart slugs
  6 giant geckos
  42 orcs
  A ball python (D:4)
  3 bats
  5 giant cockroaches
  8 goblins
  3 hobgoblins
  11 jackals
  4 quokkas
  A giant gecko skeleton (D:4)
  A giant gecko zombie (D:5)
  5 giant newts
  11 kobolds
  A quokka skeleton (D:3)
  4 rats
236 creatures vanquished.

Vanquished Creatures (collateral kills)
  Donald (Orc:2)
  The ghost of F1L1N the Nimble, a journeyman TrBe of Trog (Orc:2)
2 creatures vanquished.

Grand Total: 238 creatures vanquished

Notes
Turn   | Place    | Note
--------------------------------------------------------------
     0 | D:1      | mopl the Hill Orc Berserker began the quest for the Orb.
     0 | D:1      | Reached XP level 1. HP: 19/19 MP: 1/1
    61 | D:1      | Reached XP level 2. HP: 24/26 MP: 2/2
    62 | D:1      | Reached skill level 5 in Axes
   412 | D:1      | Reached XP level 3. HP: 28/31 MP: 3/3
   580 | D:1      | Reached ** piety under Trog
   937 | D:2      | Reached skill level 6 in Axes
   942 | D:2      | Reached XP level 4. HP: 39/39 MP: 4/4
  1169 | D:2      | Reached skill level 7 in Axes
  1409 | D:3      | Reached XP level 5. HP: 23/45 MP: 5/5
  1847 | D:3      | Reached skill level 8 in Axes
  1869 | D:3      | Found a glowing golden altar of the Shining One.
  2048 | D:3      | Reached *** piety under Trog
  2069 | D:4      | Reached XP level 6. HP: 51/51 MP: 6/6
  2169 | D:4      | Reached skill level 9 in Axes
  2319 | D:4      | Noticed Blork the orc
  2356 | D:5      | Entered Level 5 of the Dungeon
  2359 | D:5      | Noticed Dowan
  2360 | D:5      | Found a staircase to the Ecumenical Temple.
  2500 | D:5      | Killed Dowan
  2500 | D:5      | Reached skill level 10 in Axes
  2500 | D:5      | Reached XP level 7. HP: 57/57 MP: 7/7
  2510 | D:5      | Noticed Duvessa
  2759 | D:5      | Killed Duvessa
  2759 | D:5      | Reached skill level 4 in Fighting
  2777 | D:5      | Reached skill level 2 in Dodging
  2812 | D:5      | Found a shattered altar of Ashenzari.
  3018 | D:4      | Noticed Natasha
  3021 | D:4      | Killed Blork the orc
  3021 | D:4      | Reached skill level 3 in Armour
  3035 | D:4      | Killed Natasha
  3038 | D:4      | Reached XP level 8. HP: 67/67 MP: 8/8
  3091 | D:5      | Found Cecver's Distillery.
  3094 | D:5      | Bought a potion of heal wounds for 70 gold pieces
  3094 | D:5      | Bought a potion of agility for 56 gold pieces
  3094 | D:5      | Bought a potion of degeneration for 14 gold pieces
  3381 | D:6      | Reached skill level 11 in Axes
  3409 | D:6      | Found an oddly glowing altar of Pakellas.
  3409 | D:6      | Noticed an ice dragon
  3469 | D:6      | Reached skill level 5 in Fighting
  3472 | D:6      | Reached skill level 3 in Dodging
  3473 | D:6      | Reached skill level 4 in Armour
  3474 | D:6      | Reached **** piety under Trog
  3832 | D:6      | Reached skill level 12 in Axes
  3832 | D:6      | Reached XP level 9. HP: 58/75 MP: 9/9
  3943 | D:6      | Reached skill level 6 in Fighting
  4191 | D:5      | Noticed Pikel
  4208 | D:5      | Killed Pikel
  4208 | D:5      | Reached skill level 5 in Armour
  4208 | D:5      | Reached skill level 4 in Dodging
  4599 | D:8      | Reached skill level 13 in Axes
  4698 | D:8      | Reached skill level 7 in Fighting
  4717 | D:8      | Reached skill level 6 in Armour
  4717 | D:8      | Reached XP level 10. HP: 44/86 MP: 10/10
  4914 | D:9      | Found a staircase to the Lair.
  4929 | D:9      | Reached ***** piety under Trog
  4933 | D:9      | Reached skill level 5 in Dodging
  4945 | D:9      | Reached skill level 14 in Axes
  5511 | D:9      | Found a staircase to the Orcish Mines.
  5620 | Orc:1    | Entered Level 1 of the Orcish Mines
  5644 | Orc:1    | Reached skill level 8 in Fighting
  5810 | Orc:2    | Entered Level 2 of the Orcish Mines
  5810 | Orc:2    | Noticed Donald
  5836 | Orc:2    | Killed Donald
  5836 | Orc:2    | Reached skill level 7 in Armour
  5848 | Orc:2    | Noticed F1L1N's ghost (journeyman TrBe)
  6149 | Orc:1    | Reached skill level 15 in Axes
  6149 | Orc:1    | Reached XP level 11. HP: 81/95 MP: 11/11
  6219 | Orc:2    | HP: 5/142 [F1L1N's ghost (31)]
  6228 | Orc:2    | Killed F1L1N's ghost
  6228 | Orc:2    | Reached skill level 6 in Dodging
  6603 | Orc:2    | Reached skill level 9 in Fighting
  6790 | Orc:1    | Noticed an orc sorcerer
  6802 | Orc:1    | Killed an orc sorcerer
  6879 | Orc:1    | Noticed an orc sorcerer
  6886 | Orc:1    | Noticed an orc knight
  6886 | Orc:1    | Reached skill level 8 in Armour
  6903 | Orc:1    | Paralysed by an orc sorcerer for 5 turns
  6905 | Orc:1    | Demolished by an ogre

Skill      XL: |  1  2  3  4  5  6  7  8  9 10 11 |
---------------+----------------------------------+-----
Axes           | 5 6 7 8 10 12 13 15 | 15.5
Fighting       | 4 5 7 8 9 |  9.2
Dodging        | 2 3 4 5 6 |  6.2
Armour         | 3 4 6 7 8 |  8.0

Action                   |  1- 3 |  4- 6 |  7- 9 | 10-12 || total
-------------------------+-------+-------+-------+-------++-------
Melee: Hand axe          |    84 |   205 |    58 |       ||   347
       War axe           |       |       |   235 |   229 ||   464
Invok: Berserk           |     3 |     7 |     7 |     9 ||    26
       Trog's Hand       |       |     1 |     1 |     2 ||     4
       Burn Spellbooks   |       |       |     2 |       ||     2
       Brothers in Arms  |       |       |       |     4 ||     4
  Use: Scroll            |       |     3 |     4 |     1 ||     8
  Eat: Chunk             |     2 |    12 |    22 |    18 ||    54
       Pizza             |       |     1 |       |       ||     1
       Bread ration      |       |       |     3 |       ||     3
Armor: Animal skin       |    11 |       |       |       ||    11
       Chain mail        |    26 |   101 |    50 |       ||   177
       Plate armour      |       |       |   136 |   122 ||   258
Dodge: Dodged            |    72 |    64 |   142 |    93 ||   371
